 Dungeon Crawl Stone Soup version 0.20-a0-517-g5f97612 (webtiles) character file.

39 kae the Skirmisher (level 3, -2/30 HPs)
             Began as a Barachian Fighter on Jan 24, 2017.
             Engulfed by a cloud of flame (32 damage)
             ... on level 2 of the Dungeon.
             The game lasted 00:00:45 (801 turns).

kae the Skirmisher (Barachian Fighter)               Turns: 801, Time: 00:00:46

Health: -2/30      AC:  6    Str: 15    XL:     3   Next: 45%
Magic:  3/3        EV:  6    Int:  6    God:
Gold:   48         SH:  7    Dex: 10    Spells: 2/2 levels left

rFire    . . .     SeeInvis .   a - +0 long sword
rCold    . . .     Gourm    .   b - +0 scale mail
rNeg     . . .     Faith    .   c - +0 shield
rPois    .         Spirit   .   (no helmet)
rElec    .         Reflect  .   (no cloak)
rCorr    +         Harm     .   (no gloves)
MR       .....                  (no boots)
Stlth    ..........             o - amulet of rage (curse)
Regen    0.1/turn               j - ring of resist corrosion
                                k - ring of flight

@: heavily drained, slow
A: swims, slowness 1, strong legs 1
a: Hop, Evoke Berserk Rage, Evoke Flight


You were on level 2 of the Dungeon.
You were not hungry.

You visited 1 branch of the dungeon, and saw 2 of its levels.

You collected 48 gold pieces.

Inventory:

Hand Weapons
 a - a +0 long sword (weapon)
Armour
 b - a +0 scale mail (worn)
 c - a +0 shield (worn)
Jewellery
 j - a ring of resist corrosion (right hand)
 k - a ring of flight (left hand)
 l - an uncursed amulet of harm
 o - a cursed amulet of rage (around neck)
Scrolls
 e - 2 scrolls of teleportation {unknown}
 g - 2 scrolls of remove curse {unknown}
 h - a scroll of enchant weapon {unknown}
 i - a scroll of identify {unknown}
 m - a scroll of enchant armour {unknown}
Potions
 d - a potion of might
 p - 2 potions of cure mutation {unknown}
Comestibles
 f - 2 bread rations


   Skills:
 + Level 3.8(2.1) Fighting
 * Level 3.1(1.5) Long Blades
 + Level 3.7(2.1) Armour
 - Level 3.0(1.3) Shields


You had 2 spell levels left.
You didn't know any spells.

Dungeon Overview and Level Annotations

Branches:
Dungeon (2/15)

Altars:


Innate Abilities, Weirdness & Mutations

You can swim through water.
You cover ground slowly.
You can hop short distances.


Message History

No target in view!
No target in view!
The rat is too close now for your liking.
No reachable target in view!
No reachable target in view!
A rat is nearby!
A rat is nearby!
No reachable target in view!
No reachable target in view!
A rat is nearby!
No reachable target in view!
No reachable target in view!
A rat is nearby!
No reachable target in view!
No reachable target in view!
Really walk into a travel-excluded area?
Found a meat ration.
You are engulfed in roaring flames.
Ouch! That really hurt!
You die...

.............#.......)#
###.#.#'###..+........#
#.#.######...#####....###.
#...# #§§§# #........
#.#### #§§.# #...####.
.....# #§§§# #...#
#.###### #...#####...#
......§§..[.!r§§§....###
......§§§..[..§§@.........
......§§§?%.!.§§§....####.
.....#####...########..<
.....# #§§ .#.# ....(# #§
.# # .....# .# .....###
........ .###...


You could see a rat.

Vanquished Creatures
  An adder (D:2)
  A dart slug (D:2)
  2 ball pythons
  5 bats
  6 goblins
  A hobgoblin (D:1)
  6 kobolds
  2 frilled lizards (D:1)
  5 rats
29 creatures vanquished.

Vanquished Creatures (others)
  A giant cockroach (D:2)
  A jackal (D:2)
2 creatures vanquished.

Grand Total: 31 creatures vanquished

Notes
Turn   | Place    | Note
-------+----------+-------------------------------------------
     0 | D:1      | kae the Barachian Fighter began the quest for the Orb.
     0 | D:1      | Reached XP level 1. HP: 18/18 MP: 1/1
     0 | D:1      | Noticed a black draconian
     0 | D:1      | Noticed an ice dragon
     2 | D:1      | Noticed an iron dragon
     2 | D:1      | Noticed an iron dragon
     5 | D:1      | Noticed a red draconian
     6 | D:1      | Noticed a golden dragon
     7 | D:1      | Noticed a tentacled monstrosity
     9 | D:1      | Noticed a large abomination
    13 | D:1      | Noticed a tentacled monstrosity
    15 | D:1      | Noticed a large abomination
    17 | D:1      | Noticed a shadow dragon
    17 | D:1      | Noticed a large abomination
    19 | D:1      | Noticed a shadow dragon
    21 | D:1      | Noticed a tentacled monstrosity
   114 | D:1      | Reached XP level 2. HP: 19/24 MP: 2/2
   451 | D:2      | Reached XP level 3. HP: 29/30 MP: 3/3
   801 | D:2      | Engulfed by a cloud of flame

Vault maps used:
D:1:      shiori_arrival_whats_in_store_for_you
D:2:      grunt_temple_overflow_holy_war, nemelex_altar_shiori,
          lemuel_flame_loot_1

Skill      XL: |  1  2  3 |
---------------+----------+-----
Long Blades    | 3 |  3.1
Fighting       | |  3.8
Armour         | |  3.7
Shields        | |  3.0

Action                   || total
-------------------------++-------
Melee: Long sword        ||   104
Armor: Scale mail        ||    56
Dodge: Dodged            ||    45
Block: Shield            ||    68
       Rpst.: Long sword ||    17
